 Dungeon Crawl Stone Soup version 0.29-a0-322-g68df515428 (webtiles) character file.

Game seed: 6013014770928335045

4119 HotDog the Basher (level 10, -1/61 HPs)
             Began as a Gargoyle Fighter on Apr 8, 2022.
             Was a Follower of the Shining One.
             Slain by a tengu warrior
             ... wielding a +3 war axe
              (6 damage)
             ... on level 8 of the Dungeon.
             The game lasted 00:11:55 (12699 turns).

HotDog the Basher (Gargoyle Fighter)               Turns: 12699, Time: 00:11:55

Health: -1/61      AC: 23    Str: 24    XL:     10   Next: 27%
Magic:  13/13      EV:  7    Int:  9    God:    the Shining One [*.....]
Gold:   413        SH:  5    Dex:  9    Spells: 9/9 levels left

rFire   . . .      SeeInvis .   a - +1 flail
rCold   . . .      Faith    .   c - +0 buckler
rNeg    + . .      Spirit   .   C - +1 plate armour {rPois}
rPois   ∞          Reflect  .   (no helmet)
rElec   +          Harm     .   (no cloak)
rCorr   .          Rampage  .   g - +0 pair of gloves
Will    .....                   (no boots)
Stlth   ..........              (no amulet)
HPRegen 0.20/turn               (no ring)
MPRegen 0.13/turn               (no ring)

@: mighty, flying, glowing
A: sickness immunity, AC +7, negative energy resistance 1, electricity
resistance, torment resistance 1, petrification resistance
a: Renounce Religion, Divine Shield


You were on level 8 of the Dungeon.
You worshipped the Shining One.
The Shining One was aware of your devotion.
You visited 2 branches of the dungeon, and saw 9 of its levels.

You collected 413 gold pieces.

Inventory:

Hand Weapons
 a - a +1 flail (weapon)
Armour
 c - a +0 buckler (worn)
 g - a +0 pair of gloves (worn)
 i - a +0 chain mail
 C - a +1 plate armour of poison resistance (worn)
Wands
 l - a wand of mindburst (6)
 s - a wand of polymorph (17)
 x - a wand of iceblast (19)
 z - a wand of flame (22)
Scrolls
 f - 3 scrolls of teleportation
 k - a scroll of fog {unknown}
 m - 3 scrolls of vulnerability
 o - a scroll of magic mapping {unknown}
 q - 4 scrolls of identify
 r - a scroll of fear {unknown}
 t - a scroll of torment {unknown}
 v - a scroll of immolation {unknown}
 y - 3 scrolls of amnesia {unknown}
 A - a scroll of enchant armour {unknown}
Potions
 b - 2 potions of brilliance
 d - a potion of might
 e - 3 potions of haste {unknown}
 h - 5 potions of heal wounds {unknown}
 j - 3 potions of lignification {unknown}
 n - a potion of mutation {unknown}
 u - a potion of invisibility {unknown}
 w - 2 potions of flight
 B - a potion of attraction {unknown}


   Skills:
 * Level 6.5 Fighting
 * Level 9.2 Maces & Flails
 * Level 7.8 Armour
 * Level 3.7 Dodging
 * Level 5.9 Shields
 * Level 4.8 Invocations


You had 9 spell levels left.
You didn't know any spells.
Your spell library contained the following spells:

 Spells                   Type           Power      Damage    Failure   Level
 Animate Skeleton         Necr           0%         N/A       100%        1
 Pain                     Necr           0%         1d4       100%        1
 Sandblast                Erth           0%         2d4       100%        1
 Corpse Rot               Necr/Air       0%         N/A       100%        2
 Passwall                 Tmut/Erth      0%         N/A       100%        2
 Poisonous Vapours        Pois/Air       0%         N/A       100%        2
 Static Discharge         Conj/Air       0%         N/A       100%        2
 Dazzling Flash           Conj/Hex       0%         N/A       100%        3
 Stone Arrow              Conj/Erth      0%         3d7       100%        3
 Vampiric Draining        Necr           0%         2d6       100%        3
 Animate Dead             Necr           0%         N/A       100%        4
 Iskenderun's Mystic Bla  Conj/Tloc      0%         2d3       100%        4
 Borgnjor's Vile Clutch   Necr/Erth      0%         N/A       100%        5
 Lightning Bolt           Conj/Air       0%         1d11      100%        5
 Death Channel            Necr           0%         N/A       100%        6
 Starburst                Conj/Fire      0%         6d3       100%        6
 Maxwell's Capacitive Co  Air            0%         ∞         100%        8


Dungeon Overview and Level Annotations

Branches:
Dungeon (8/15)             Temple (1/1) D:4            Lair (0/6) D:8

Altars:
Ashenzari
Gozag
Hepliaklqana
Kikubaaqudgha
Makhleb
Ru
Sif Muna
Uskayaw
Vehumet
Wu Jian
Xom
Yredelemnul
Zin
The Shining One

Shops:
D:8 *(


Innate Abilities, Weirdness & Mutations

You are immune to sickness and miasma.
Your stone body is resilient. (AC +7)
You are immune to poison.
You resist negative energy. (rN+)
You are resistant to electric shocks. (rElec)
You are resistant to unholy torment.
You are immune to petrification.


Message History

* * * LOW HITPOINT WARNING * * *
The tengu warrior barely misses you. The tengu warrior closely misses you.
You feel very mighty all of a sudden.
The tengu warrior hits you with a +3 war axe.
* * * LOW HITPOINT WARNING * * *
The tengu warrior pecks you but does no damage.
The tengu warrior claws you.
* * * LOW HITPOINT WARNING * * *
You thump the tengu warrior!
The tengu warrior is moderately wounded.
The tengu warrior hits you with a +3 war axe!
* * * LOW HITPOINT WARNING * * *
The tengu warrior pecks you but does no damage.
The tengu warrior claws you but does no damage.
Okay, then.
Okay, then.
Okay, then.
You feel better.
The tengu warrior hits you with a +3 war axe.
* * * LOW HITPOINT WARNING * * *
The tengu warrior pecks you but does no damage.
The tengu warrior barely misses you.
You feel better.
The tengu warrior hits you with a +3 war axe.
* * * LOW HITPOINT WARNING * * *
The tengu warrior pecks you but does no damage.
The tengu warrior claws you but does no damage.
It was a potion of flight.
You feel very buoyant.
You fly up into the air.
The tengu warrior hits you with a +3 war axe!
* * * LOW HITPOINT WARNING * * *
The tengu warrior pecks you.
* * * LOW HITPOINT WARNING * * *
The tengu warrior completely misses you.
The kobold brigand throws a poisoned dart.
The poisoned dart hits you.
The tengu warrior attacks as you move away!
The tengu warrior hits you with a +3 war axe.
You die...

#..############.####.###.....#.#
#.....[.....Q.......#.##.....#.##
...........####....###K.......>.#
##########.# #.###.#.#..)......#
.........#.# #.# #...#.........#
########.#.# #.###.#......(....#
#......#.#.####.##...##.##.##...#
#.####.#.#......#.###.#.##.##...#
#.#∩.#.#.#..###.@.# #......[....#
#.##.#.#.#..# ###Q###.###.......#
#....#.#.#..# #....## #..####.#
######.#.#..# #.#### #### ###
.......#.#.## #.# ########.#.#
#.' ...........# ### .....#######
.....#


You could see a tengu warrior and a kobold brigand.

Vanquished Creatures
  Maggie (D:8)
  A slime creature (D:7)
  2 wyverns (D:8)
  A basilisk (D:8)
  A yak (D:8)
  2 acid dragons (D:8)
  A black bear (D:5)
  5 ice beasts
  2 sky beasts
  2 ogres
  A centaur (D:7)
  A phantom (D:5)
  2 bullfrogs (D:7)
  A gnoll sergeant (D:8)
  5 scorpions
  4 wights
  4 killer bees (D:7)
  3 jellies
  5 orc priests
  2 hounds
  5 iguanas
  7 orc wizards
  Natasha (thrice) (D:3)
  9 adders
  8 gnolls
  A worm (D:3)
  A dart slug (D:2)
  30 orcs
  7 endoplasms
  17 giant cockroaches
  7 goblins
  6 hobgoblins
  2 jackals (D:3)
  3 quokkas
  12 ball pythons
  3 bats
  4 frilled lizards
  8 kobolds
  4 rats
183 creatures vanquished.

Vanquished Creatures (others)
  20 plants
20 creatures vanquished.

Grand Total: 203 creatures vanquished

Notes
Turn   | Place    | Note
-------+----------+-------------------------------------------
     0 | D:1      | HotDog the Gargoyle Fighter began the quest for the Orb.
     0 | D:1      | Reached XP level 1. HP: 14/14 MP: 1/1
    24 | D:1      | Reached XP level 2. HP: 6/19 MP: 2/2
   565 | D:1      | Reached skill level 1 in Invocations
   716 | D:1      | Reached XP level 3. HP: 23/23 MP: 3/3
  1708 | D:2      | Reached XP level 4. HP: 29/29 MP: 4/4
  2179 | D:3      | Reached skill level 3 in Maces & Flails
  2269 | D:3      | Reached XP level 5. HP: 25/33 MP: 6/6
  2278 | D:3      | Reached skill level 1 in Dodging
  2289 | D:3      | HP: 1/33 [orc/+0 spear (4)]
  2625 | D:3      | Noticed Natasha
  2636 | D:3      | Killed Natasha
  2806 | D:3      | Noticed Natasha
  2816 | D:3      | Killed Natasha
  3301 | D:3      | Noticed Natasha
  3315 | D:3      | Killed Natasha
  3735 | D:4      | Reached XP level 6. HP: 34/38 MP: 7/7
  3862 | D:4      | Found a staircase to the Ecumenical Temple.
  3890 | Temple   | Entered the Ecumenical Temple
  3911 | Temple   | Became a worshipper of the Shining One
  4023 | D:4      | Reached skill level 4 in Maces & Flails
  4722 | D:4      | Reached XP level 7. HP: 28/43 MP: 8/8
  5111 | D:5      | Entered Level 5 of the Dungeon
  5310 | D:5      | Reached skill level 5 in Maces & Flails
  5746 | D:6      | Reached skill level 5 in Armour
  6229 | D:5      | HP: 2/44 [wight/+0 war axe (5)]
  6238 | D:5      | Reached * piety under the Shining One
  6239 | D:5      | Reached XP level 8. HP: 12/48 MP: 10/10
  7372 | D:6      | Reached skill level 5 in Fighting
  7372 | D:6      | Reached skill level 6 in Maces & Flails
  8101 | D:5      | Reached skill level 5 in Shields
  9224 | D:7      | Reached XP level 9. HP: 41/54 MP: 11/11
  9335 | D:7      | Reached skill level 7 in Maces & Flails
 10324 | D:7      | Found an ornate altar of the Wu Jian Council.
 10443 | D:8      | Noticed Maggie
 10453 | D:8      | Killed Maggie
 10454 | D:8      | Reached skill level 8 in Maces & Flails
 10727 | D:8      | Found Hemmiammua's General Store.
 11283 | D:8      | Noticed a tengu warrior
 11333 | D:7      | Reached XP level 10. HP: 25/60 MP: 13/13
 11937 | D:8      | Reached skill level 9 in Maces & Flails
 12195 | D:8      | Found a staircase to the Lair.
 12308 | D:8      | Found Yfot's Weapon Emporium.
 12693 | D:8      | HP: 1/61 [tengu warrior/+3 war axe (9)]
 12699 | D:8      | Slain by a tengu warrior

Illustrated notes

Levels and vault maps discovered:
D:1:      dpeg_arrival_radiant, layout_rooms
D:2:      minmay_roachtagon, layout_loops_ring, serial_aquarium,
          aquarium_bridge_straight [aquarium_subvault_bridge,
          aquarium_subvault_window, aquarium_subvault_bridge,
          aquarium_subvault_wall], aquarium_window_2, aquarium_window_1,
          aquarium_window_1, aquarium_view_2c, aquarium_balcony_1a
D:3:      minmay_thinvault, layout_basic, hex_medium, grunt_ministairs_5,
          uniq_natasha
D:4:      layout_rooms, temple_doors_e
D:5:      layout_loops_ring, minmay_fountain_box, chequers_big_river
D:6:      layout_basic, dk_rats_in_the_wall
D:7:      layout_basic, lemuel_coloured_pillars_altar
D:8:      layout_loops_ring, erik_lair_dragon, serial_shops,
          nicolae_inconvenience_store, nicolae_stop_n_shop_1,
          nicolae_zen_rock_garden, minmay_pinched_square, uniq_maggie
Temple:   nicolae_temple_the_god_donut

Skill      XL: |  1  2  3  4  5  6  7  8  9 10 |
---------------+-------------------------------+-----
Invocations    | 1 2 3 4 |  4.8
Maces & Flails | 3 4 5 6 8 9 |  9.2
Dodging        | 1 2 3 |  3.7
Shields        | 4 5 |  5.9
Armour         | 4 5 6 7 |  7.8
Fighting       | 4 5 6 |  6.5

Action                   |  1- 3 |  4- 6 |  7- 9 | 10-12 || total
-------------------------+-------+-------+-------+-------++-------
Melee: Flail             |   123 |   268 |   330 |    44 ||   765
  Use: Scroll            |     5 |       |     1 |       ||     6
       Potion            |       |       |     2 |     4 ||     6
Armor: Scale mail        |    30 |       |       |       ||    30
       Chain mail        |    78 |   225 |   192 |       ||   495
       Plate armour      |       |       |       |    48 ||    48
Dodge: Dodged            |    50 |    93 |   141 |    14 ||   298
Block: Buckler           |    42 |    79 |    70 |    12 ||   203

Table legend: (Time is in decaauts)
 A = Elapsed time spent in this place.
 B = Non-inter-level travel time spent in this place.
 C = Inter-level travel time spent in this place.
 D = Time resting spent in this place.
 E = Time spent auto-exploring this place.
 F = Levels seen in this place.
 G = Mean time per level.
                   A        B        C        D        E       F      G
               +--------+--------+--------+--------+--------+-----+--------+
         Total |  12885 |  12444 |    441 |   5078 |   5370 |   9 | 1431.7 |
       Dungeon |  12835 |  12394 |    441 |   5078 |   5368 |   8 | 1604.4 |
        Temple |     49 |     49 |      0 |      0 |      2 |   1 |   49.0 |
               +--------+--------+--------+--------+--------+-----+--------+

Top non-repeatable levels by time:
     D:6: 2130 daAuts
     D:5: 1920 daAuts
     D:7: 1863 daAuts
     D:3: 1738 daAuts
     D:8: 1736 daAuts
     D:4: 1376 daAuts
     D:2: 1225 daAuts
     D:1: 845 daAuts
  Temple: 49 daAuts
